 Dungeon Crawl Stone Soup version 0.24.1-8-ga250c9d538 (webtiles) character file.

Game seed: 7398617274202508394, levelgen mode: deterministic

11498 nurgler the Cleaver (level 11, -3/105 HPs)
             Began as a Minotaur Berserker on May 5, 2020.
             Was a High Priest of Trog.
             Slain by an 11-headed hydra (11 damage)
             ... on level 11 of the Dungeon.
             The game lasted 01:37:36 (13194 turns).

nurgler the Cleaver (Minotaur Berserker)           Turns: 13194, Time: 01:37:36

Health: -3/105     AC: 15    Str: 22 (25) XL:     11   Next: 50%
Magic:  3/3        EV: 17    Int:  2 (4)  God:    Trog [*****.]
Gold:   667        SH:  0    Dex: 17 (18) Spells: 10/10 levels left

rFire    + + .     SeeInvis +   S - +3 battleaxe (antimagic)
rCold    + . .     Gourm    .   (shield currently unavailable)
rNeg     + . .     Faith    .   H - +4 scale mail of the Unbroken {-Cast rN+ rCorr Dex+4}
rPois    .         Spirit   .   (helmet restricted)
rElec    .         Reflect  .   l - scarf {rC+ rF+}
rCorr    +         Harm     .   Y - +0 pair of gloves of the Demon Prince {+Fly rF+ Dex+4} (curse)
MR       ++...     NoCast   +   e - +0 pair of boots
Stlth    ..........             V - amulet of the acrobat
HPRegen  1.27/turn              A - +2 ring of evasion
MPRegen  0.08/turn              y - ring of see invisible

@: berserk cooldown, regenerating, hasted and slowed
A: retaliatory headbutt, horns 2
a: Berserk, Trog's Hand, Brothers in Arms, Renounce Religion, Evoke Flight


You were on level 11 of the Dungeon.
You worshipped Trog.
Trog was extremely pleased with you.
You were not hungry.

You visited 2 branches of the dungeon, and saw 12 of its levels.

You collected 721 gold pieces.
You spent 54 gold pieces at shops.

Inventory:

Hand Weapons
 I - a +5 war axe of freezing
 S - a +3 antimagic battleaxe (weapon)
Armour
 e - a +0 pair of boots (worn)
 l - a scarf of resistance (worn)
 D - the +3 ring mail of Inviolability {*Corrode rF+ Dex+4}
   (You found it on level 6 of the Dungeon)

   It affects your dexterity (+4).
   It protects you from fire.
   It may corrode you when you take damage.
 G - a +1 shield
 H - the +4 scale mail of the Unbroken (worn) {-Cast rN+ rCorr Dex+4}
   (You found it on level 8 of the Dungeon)

   It affects your dexterity (+4).
   It protects you from negative energy.
   It prevents spellcasting.
   It provides partial protection from all sources of acid and corrosion.
 K - a +0 large shield of resistance
 Y - the cursed +0 pair of gloves of the Demon Prince (worn) {+Fly rF+ Dex+4}
   (You found it on level 10 of the Dungeon)

   It affects your dexterity (+4).
   It protects you from fire.
   It lets you fly.
   It has a curse placed upon it.
Jewellery
 t - an uncursed ring of protection from fire
 y - a ring of see invisible (right hand)
 A - a +2 ring of evasion (left hand)
 V - an amulet of the acrobat (around neck)
Wands
 i - a wand of paralysis (11)
Scrolls
 b - a scroll of identify
 g - a scroll of teleportation
 m - 4 scrolls of remove curse
 n - 2 scrolls of amnesia {unknown}
 o - 2 scrolls of noise {unknown}
 p - a scroll of enchant weapon {unknown}
 q - a scroll of brand weapon {unknown}
 w - a scroll of immolation {unknown}
 B - a scroll of enchant armour
 C - a scroll of fear {unknown}
 E - a scroll of silence {unknown}
 F - a scroll of magic mapping
 J - a scroll of blinking {unknown}
 Z - a scroll of fog {unknown}
Potions
 a - a potion of flight {unknown}
 h - a potion of mutation {unknown}
 k - a potion of invisibility {unknown}
 s - 2 potions of degeneration
 v - 2 potions of haste
 x - a potion of lignification {unknown}
 Q - a potion of agility {unknown}
 R - a potion of ambrosia {unknown}
Comestibles
 c - 10 rations


   Skills:
 * Level 12.4 Fighting
 * Level 12.5 Axes
 + Level 9.0 Armour
 + Level 8.2 Dodging
 * Level 6.0 Shields


You had 10 spell levels left.
You didn't know any spells.
Your spell library contained the following spells:

 Spells                   Type           Power        Failure   Level  Hunger
 Summon Small Mammal      Summ           #...         83%         1    ##.....
 Ensorcelled Hibernation  Hex/Ice        #.....       92%         2    ###....
 Call Canine Familiar     Summ           #.......     99%         3    ####...
 Portal Projectile        Hex/Tloc       #.....       99%         3    ####...
 Fulminant Prism          Conj/Hex       #.........   100%        4    #####..
 Malign Gateway           Summ/Tloc      #.........   100%        7    #######


Dungeon Overview and Level Annotations

Branches:
Dungeon (11/15)            Temple (1/1) D:5            Lair (0/6) D:11
    Orc (0/2) D:11

Altars:
Ashenzari
Cheibriados
Dithmenos
Elyvilon
Fedhas
Gozag
Hepliaklqana
Kikubaaqudgha
Makhleb
Nemelex Xobeh
Okawaru
Qazlal
Ru
Sif Muna
Trog
Uskayaw
Vehumet
Wu Jian
Xom
Yredelemnul
Zin
The Shining One

Shops:
D:6 *   D:8 }   D:10 !


Innate Abilities, Weirdness & Mutations

You reflexively headbutt those who attack you in melee.
You have a pair of horns on your head.


Message History

The 11-headed hydra bites you but does no damage.
The 11-headed hydra barely misses you.
The 11-headed hydra completely misses you.
The 11-headed hydra closely misses you. x2
Your deep troll goes berserk!
You feel somewhat more hungry.
The 11-headed hydra completely misses you.
The 11-headed hydra closely misses you. The 11-headed hydra bites you!
* * * LOW HITPOINT WARNING * * *
The 11-headed hydra bites you.
* * * LOW HITPOINT WARNING * * *
The 11-headed hydra closely misses you. The 11-headed hydra barely misses you.
The 11-headed hydra misses you. The 11-headed hydra closely misses you.
The 11-headed hydra bites you but does no damage. x2
The 11-headed hydra bites you.
* * * LOW HITPOINT WARNING * * *
You feel yourself speed up.
The 11-headed hydra bites you but does no damage.
The 11-headed hydra bites you!
You die...

#.#.#.#.#####.........
############.#.#.#.# #.#.....#.
...............#.#.# #.#.###.#.
.###########.#.#.#.# #.#.# #.#.
.# #.#...#.# #.#.# #...
##*****#####.#.....#####.#.#####.
,,,,,,,,...#....>........#.......
,******###.###.#T####[##########.
,* #.......D@.......######### ,*
#.#.###.###...###......... ,*
#.#.# #.##.....###.####### ,*
#.#.# #.#....)..##.# #
,******#.#.# #.#..P....#..# #
,......).#.# #.......P....# #
,..........# #............# #
,#############.....>......# #
,,,,,,,,........|..))...#.# #


You could see a 11-headed hydra and a friendly deep troll (berserk).

Vanquished Creatures
  A two-headed ogre (D:9)
  Pikel (D:4)
  An ugly thing (D:9)
  2 gargoyles
  A komodo dragon (D:10)
  A hornet (D:11)
  A hippogriff (D:7)
  A spriggan (D:8)
  2 wyverns (D:9)
  A shadow (D:9)
  Eustachio (D:6)
  10 yaks (D:10)
  2 wargs (D:11)
  Menkaure (D:4)
  Edmund (D:5)
  3 phantoms
  4 ice beasts
  10 orc warriors
  2 sky beasts
  2 slaves (D:4)
  A necrophage (D:7)
  7 ogres
  An eye of draining (D:9)
  A crocodile (D:10)
  3 centaurs
  A big kobold (D:9)
  8 bullfrogs
  2 wyvern zombies
  A wyvern skeleton (D:9)
  2 scorpions
  3 killer bees (D:9)
  4 wights (D:8)
  3 howler monkeys
  2 bullfrog zombies
  A centaur zombie (D:10)
  2 crimson imps
  5 jellies
  4 bullfrog skeletons
  11 orc priests
  A centaur skeleton (D:6)
  2 hounds
  16 orc wizards
  3 iguanas
  Ijyb (D:3)
  8 worker ants
  3 killer bee zombies
  2 hound zombies
  A hound skeleton (D:4)
  A howler monkey zombie (D:9)
  2 worker ant zombies
  4 gnolls (D:6)
  8 adders
  2 shadow imps (D:9)
  2 oozes
  2 adder zombies
  An adder skeleton (D:8)
  4 worms
  3 dart slugs
  3 leopard geckos
  71 orcs
  7 bats
  2 giant cockroaches
  7 goblins
  8 hobgoblins
  8 jackals
  12 kobolds
  2 quokkas
  4 ball pythons
  2 ball python skeletons (D:4)
  6 frilled lizards
  A jackal zombie (D:5)
  A leopard gecko skeleton (D:7)
  A leopard gecko zombie (D:7)
  A quokka zombie (D:5)
  6 rats
  A spectral orc (D:3)
319 creatures vanquished.

Notes
Turn   | Place    | Note
-------+----------+-------------------------------------------
     0 | D:1      | nurgler the Minotaur Berserker began the quest for the Orb.
     0 | D:1      | Reached XP level 1. HP: 19/19 MP: 0/0
   461 | D:1      | Reached XP level 2. HP: 23/27 MP: 1/1
  1170 | D:2      | Reached XP level 3. HP: 27/33 MP: 2/2
  1754 | D:2      | Reached ** piety under Trog
  1933 | D:2      | Reached XP level 4. HP: 41/41 MP: 3/3
  2359 | D:3      | Reached skill level 5 in Fighting
  2428 | D:3      | Found a basalt altar of Yredelemnul.
  2471 | D:3      | Reached XP level 5. HP: 47/48 MP: 4/4
  2501 | D:3      | Reached skill level 5 in Axes
  2542 | D:3      | Noticed Ijyb
  2549 | D:3      | Killed Ijyb
  2610 | D:3      | Reached *** piety under Trog
  3214 | D:3      | Reached XP level 6. HP: 55/56 MP: 5/5
  3981 | D:4      | Noticed a slave
  3982 | D:4      | Noticed Pikel
  3982 | D:4      | Noticed a slave
  3982 | D:4      | Noticed a slave
  3982 | D:4      | Noticed a slave
  3999 | D:4      | Killed a slave
  4002 | D:4      | Killed a slave
  4005 | D:4      | Killed Pikel
  4005 | D:4      | Reached XP level 7. HP: 30/64 MP: 6/6
  4606 | D:4      | Noticed Menkaure
  4617 | D:4      | Killed Menkaure
  4617 | D:4      | Reached skill level 5 in Armour
  4923 | D:5      | Entered Level 5 of the Dungeon
  4923 | D:5      | Found a staircase to the Ecumenical Temple.
  4935 | D:5      | Reached XP level 8. HP: 73/73 MP: 7/7
  5092 | Temple   | Entered the Ecumenical Temple
  5512 | D:5      | Noticed Edmund
  5520 | D:5      | Killed Edmund
  5538 | D:5      | Reached **** piety under Trog
  5538 | D:5      | Reached skill level 5 in Dodging
  5776 | D:5      | Found an ancient bone altar of Kikubaaqudgha.
  5782 | D:5      | Found a stormy altar of Qazlal.
  6605 | D:6      | Reached XP level 9. HP: 71/83 MP: 8/8
  6779 | D:6      | Got a crude ring mail
  6789 | D:6      | Identified the +3 ring mail of Inviolability {*Corrode rF+
                  | Dex+4} (You found it on level 6 of the Dungeon)
  7008 | D:6      | Found Yjucok's General Store.
  7011 | D:6      | Bought a +0 shield for 54 gold pieces
  7085 | D:6      | Noticed Eustachio
  7107 | D:6      | Killed Eustachio
  7473 | D:7      | Reached skill level 10 in Fighting
  7473 | D:7      | Reached skill level 10 in Axes
  7846 | D:8      | Found Suton's Gadget Shoppe.
  7883 | D:8      | Got a scorched scale mail
  7888 | D:8      | Identified the +4 scale mail of the Unbroken {-Cast rN+
                  | rCorr Dex+4} (You found it on level 8 of the Dungeon)
  8036 | D:8      | Reached ***** piety under Trog
  8829 | D:8      | Reached XP level 10. HP: 93/94 MP: 9/9
  9420 | D:9      | Noticed a cyan ugly thing
  9430 | D:9      | Killed a cyan ugly thing
  9645 | D:9      | Found a snail-covered altar of Cheibriados.
  9699 | D:9      | Identified the Volume of Summoning and Hexes
  9818 | D:9      | Reached skill level 1 in Shields
  9826 | D:9      | Noticed a gargoyle
  9968 | D:9      | Killed a gargoyle
  9991 | D:9      | Found a bloodstained altar of Trog.
  9991 | D:9      | Found a shimmering altar of Xom.
 10095 | D:9      | Noticed a two-headed ogre
 10100 | D:9      | Killed a two-headed ogre
 10177 | D:9      | Received a gift from Trog
 10562 | D:10     | Entered Level 10 of the Dungeon
 10607 | D:10     | Reached XP level 11. HP: 83/104 MP: 3/10
 10747 | D:10     | Found Lenk's Distillery.
 10942 | D:10     | Reached skill level 5 in Shields
 11157 | D:10     | Got a pair of pitted gloves
 11163 | D:10     | Identified the cursed +0 pair of gloves of the Demon Prince
                  | {+Fly rF+ Dex+4} (You found it on level 10 of the Dungeon)
 11763 | D:11     | Found a staircase to the Lair.
 12645 | D:11     | Paralysed by a hornet for 2 turns
 13023 | D:11     | Found a staircase to the Orcish Mines.
 13173 | D:11     | Noticed a six-headed hydra
 13194 | D:11     | Slain by an 11-headed hydra

Levels and vault maps discovered:
D:1:      dpeg_arrival_solitude, layout_loops_ring, minmay_strange_pillars
D:2:      layout_basic, first_ration, chequers_mini_garden,
          chequers_serial_rivers_small_a
D:3:      layout_loops_corners, yredelemnul_forgotten_temple_becter, uniq_ijyb
D:4:      layout_rooms, uniq_menkaure, uniq_pikel
D:5:      layout_rooms, nicolae_overflow_hidden_temple, temple_statues,
          uniq_edmund
D:6:      layout_basic, serial_shops, kennysheep_mini, serial_glass,
          glass_columns_b, glass_columns_b, uniq_eustachio
D:7:      layout_cave_pools
D:8:      layout_basic, serial_shops, shop, hex_medium, st_stairs_10,
          grunt_pizzeria, minmay_misc_feat_rugged
D:9:      minmay_the_grid_octo_triangle [minmay_the_grid_octo_chip,
          minmay_the_grid_octo_prize_square_snowflake,
          minmay_the_grid_octo_teeth], layout_irregular_city,
          grunt_temple_overflow_open, kennysheep_mini_moat
D:10:     layout_basic, serial_shops, nicolae_shop_waterfront
D:11:     layout_basic, erik_lair_orcish_takeover, david_orc_4,
          chequers_serial_rivers_large_a
Temple:   regret_index_temple_sphere_string

Skill      XL: |  1  2  3  4  5  6  7  8  9 10 11 |
---------------+----------------------------------+-----
Axes           | 4 5 6 7 8 10 11 12 | 12.5
Fighting       | 4 5 6 7 9 10 11 12 | 12.4
Armour         | 3 4 5 6 7 8 9 |  9.0
Dodging        | 3 4 5 6 7 8 |  8.2
Shields        | 4 6 |  6.0

Action                   |  1- 3 |  4- 6 |  7- 9 | 10-12 || total
-------------------------+-------+-------+-------+-------++-------
Melee: Hand axe          |    87 |   132 |    46 |       ||   265
       Headbutt          |    11 |    19 |    67 |    74 ||   171
       War axe           |       |       |   228 |   102 ||   330
       Battleaxe         |       |       |       |   162 ||   162
Invok: Berserk           |     1 |     2 |     6 |     8 ||    17
       Trog's Hand       |       |     1 |       |     3 ||     4
       Brothers in Arms  |       |       |       |     1 ||     1
  Use: Scroll            |       |     3 |     5 |     5 ||    13
       Potion            |       |     2 |       |     7 ||     9
  Eat: Chunk             |     4 |     3 |     8 |    11 ||    26
       Ration            |       |     2 |     4 |     3 ||     9
Armor: Animal skin       |     3 |       |       |       ||     3
       Ring mail         |    24 |    37 |    70 |       ||   131
       Scale mail        |       |       |    24 |    83 ||   107
Dodge: Dodged            |    44 |    85 |   143 |   204 ||   476
Block: Shield            |       |       |    37 |    41 ||    78
